[ PARTIDA AOE2 · #493750955 ]
UnrankedHunos vs Persians
Equipo del jugador · VICT
Equipo rival · DERR
[ ANÁLISIS DE REPETICIÓN · EXTRAÍDO DE LA PARTIDA GRABADA ]
Feudal
9:59
Castillos
—
Imperial
—
| APM promedio | 78.5 |
| APM pico | 127 |
| eAPM promedio | 24.7 |
| Aldeanos / militares | 38 / 28 |
Foco
⚔️ 30.0% · 🌾 70.0%
Archer ×23 · Militia ×3 · Skirmisher ×2
Feudal
9:17
Castillos
—
Imperial
—
| APM promedio | 57.6 |
| APM pico | 79 |
| eAPM promedio | 22.2 |
| Aldeanos / militares | 40 / 21 |
Foco
⚔️ 26.1% · 🌾 73.9%
Archer ×8 · Militia ×6 · Skirmisher ×6 · Spearman ×1
Mapa de la partida
Recursos iniciales + cada clic de construcción. Líneas = muros · curvas = relieve. ◆ oro · ⬟ piedra · ● bayas · ✦ reliquia · ◌ hueco del cierre
Tu base· Abierta — flanco sin cerrar
Base de Dooque· Abierta — flanco sin cerrar
Terreno inicial suavizado · ◌ = hueco del cierre detectado · pasá el cursor para detalles
Inputs por minuto
— Pedro - - Dooque
Build order — Pedro
100 acciones detectadas en el replay
| 0:00 | Crear | Villager (Male) |
| 0:00 | Crear | Villager (Male) |
| 0:12 | Crear | Villager (Male) |
| 0:30 | Crear | Villager (Male) |
| 1:17 | Crear | Villager (Male) |
| 1:47 | Crear | Villager (Male) |
| 2:03 | Crear | Villager (Male) |
| 2:06 | Construir | Lumber Camp |
| 2:42 | Crear | Villager (Male) |
| 2:49 | Crear | Villager (Male) |
| 3:26 | Crear | Villager (Male) |
| 3:49 | Crear | Villager (Male) |
| 4:18 | Crear | Villager (Male) |
| 4:38 | Crear | Villager (Male) |
| 4:59 | Crear | Villager (Male) |
| 5:07 | Construir | Barracks |
| 5:14 | Crear | Villager (Male) |
| 6:01 | Crear | Militia |
| 6:01 | Crear | Militia |
| 6:01 | Crear | Militia |
| 6:16 | Construir | Mill |
| 6:20 | Crear | Villager (Male) |
| 6:21 | Crear | Villager (Male) |
| 7:12 | Investigar | Loom |
| 7:49 | Investigar | Feudal Age |
| 8:01 | Construir | Lumber Camp |
| 8:38 | Construir | Mining Camp |
| 9:17 | Crear | Villager (Male) |
| 9:59 | Edad | Edad Feudal |
| 10:01 | Crear | Villager (Male) |
| 10:04 | Construir | Archery Range |
| 10:19 | Investigar | Double-Bit Axe |
| 10:19 | Investigar | Double-Bit Axe |
| 10:28 | Crear | Villager (Male) |
| 10:36 | Crear | Villager (Male) |
| 10:39 | Crear | Villager (Male) |
| 10:49 | Crear | Archer |
| 10:51 | Crear | Villager (Male) |
| 11:07 | Crear | Archer |
| 11:17 | Construir | Archery Range |
| 11:27 | Crear | Archer |
| 11:27 | Crear | Villager (Male) |
| 11:31 | Crear | Villager (Male) |
| 11:56 | Crear | Villager (Male) |
| 11:56 | Crear | Villager (Male) |
| 11:57 | Crear | Archer |
| 11:57 | Crear | Archer |
| 12:14 | Crear | Archer |
| 12:22 | Construir | Farm |
| 12:23 | Construir | Farm |
| 12:25 | Crear | Villager (Male) |
| 12:29 | Construir | Farm |
| 12:34 | Crear | Archer |
| 12:37 | Crear | Villager (Male) |
| 12:41 | Construir | Watch Tower |
| 12:54 | Construir | Blacksmith |
| 12:55 | Crear | Archer |
| 13:10 | Crear | Villager (Male) |
| 13:14 | Construir | Farm |
| 13:17 | Construir | Farm |
| 13:19 | Crear | Archer |
| 13:21 | Construir | Palisade Wall |
| 13:23 | Construir | Palisade Wall |
| 13:23 | Construir | Palisade Wall |
| 13:28 | Crear | Skirmisher |
| 13:28 | Crear | Skirmisher |
| 13:36 | Crear | Archer |
| 13:37 | Crear | Archer |
| 13:45 | Investigar | Fletching |
| 13:48 | Crear | Villager (Male) |
| 13:52 | Crear | Archer |
| 14:03 | Construir | Farm |
| 14:04 | Crear | Villager (Male) |
| 14:12 | Crear | Archer |
| 14:13 | Crear | Archer |
| 14:14 | Construir | Farm |
| 14:26 | Crear | Villager (Male) |
| 14:37 | Crear | Archer |
| 14:37 | Crear | Archer |
| 14:37 | Crear | Villager (Male) |
| 14:39 | Construir | Farm |
| 14:43 | Construir | Farm |
| 14:47 | Construir | Farm |
| 14:52 | Crear | Villager (Male) |
| 14:54 | Crear | Archer |
| 15:21 | Crear | Archer |
| 15:27 | Crear | Archer |
| 15:28 | Construir | Farm |
| 15:58 | Crear | Archer |
| 15:58 | Crear | Archer |
| 15:59 | Crear | Villager (Male) |
| 16:15 | Crear | Villager (Male) |
| 16:17 | Crear | Archer |
| 16:19 | Construir | Farm |
| 16:22 | Construir | Farm |
| 16:35 | Crear | Archer |
| 16:35 | Crear | Villager (Male) |
| 16:37 | Construir | Farm |
| 16:55 | Construir | Farm |
| 16:56 | Construir | Farm |
Build order — Dooque
101 acciones detectadas en el replay
| 0:00 | Crear | Villager (Male) ×5 |
| 0:02 | Construir | House |
| 0:04 | Construir | House |
| 1:31 | Crear | Villager (Male) |
| 1:31 | Crear | Villager (Male) |
| 1:50 | Construir | Lumber Camp |
| 2:04 | Crear | Villager (Male) |
| 2:08 | Crear | Villager (Male) |
| 2:33 | Crear | Villager (Male) |
| 3:06 | Construir | House |
| 3:18 | Crear | Villager (Male) |
| 3:37 | Crear | Villager (Male) |
| 3:37 | Crear | Villager (Male) |
| 3:57 | Construir | Mill |
| 4:05 | Crear | Villager (Male) |
| 4:27 | Crear | Villager (Male) |
| 4:27 | Crear | Villager (Male) |
| 4:47 | Crear | Villager (Male) |
| 4:52 | Construir | House |
| 5:01 | Crear | Villager (Male) |
| 5:01 | Crear | Villager (Male) |
| 5:37 | Construir | Barracks |
| 5:57 | Crear | Villager (Male) |
| 6:08 | Investigar | Loom |
| 6:51 | Construir | Mining Camp |
| 7:13 | Investigar | Feudal Age |
| 7:14 | Investigar | Feudal Age |
| 7:50 | Crear | Militia |
| 7:51 | Crear | Militia |
| 7:51 | Crear | Militia |
| 8:09 | Crear | Militia |
| 8:19 | Construir | House |
| 8:49 | Construir | Palisade Wall |
| 8:52 | Construir | Palisade Wall |
| 9:17 | Edad | Edad Feudal |
| 9:19 | Crear | Militia |
| 9:22 | Crear | Villager (Male) |
| 9:33 | Crear | Militia |
| 9:46 | Construir | House |
| 9:47 | Investigar | Double-Bit Axe |
| 9:54 | Construir | Farm |
| 10:15 | Construir | House |
| 10:23 | Crear | Villager (Male) |
| 10:30 | Construir | Farm |
| 10:32 | Construir | Farm |
| 10:34 | Crear | Villager (Male) |
| 10:43 | Investigar | Man-at-Arms (upgrade) |
| 10:43 | Investigar | Man-at-Arms (upgrade) |
| 11:07 | Crear | Spearman |
| 11:21 | Construir | Archery Range |
| 11:27 | Crear | Villager (Male) |
| 11:31 | Crear | Villager (Male) |
| 11:42 | Construir | House |
| 11:43 | Construir | Palisade Wall |
| 12:16 | Crear | Archer |
| 12:16 | Crear | Archer |
| 12:20 | Construir | House |
| 12:20 | Crear | Villager (Male) |
| 12:24 | Construir | Farm |
| 12:24 | Construir | Farm |
| 12:25 | Crear | Skirmisher |
| 12:30 | Construir | Palisade Wall |
| 12:46 | Construir | Palisade Wall |
| 12:48 | Construir | House |
| 12:53 | Construir | Palisade Wall |
| 12:55 | Crear | Villager (Male) |
| 13:04 | Crear | Archer |
| 13:05 | Crear | Villager (Male) |
| 13:11 | Construir | House |
| 13:13 | Construir | Palisade Wall |
| 13:15 | Crear | Villager (Male) |
| 13:19 | Construir | Palisade Wall |
| 13:20 | Crear | Villager (Male) |
| 13:31 | Crear | Villager (Male) |
| 13:31 | Crear | Archer |
| 13:40 | Construir | Palisade Wall |
| 13:48 | Crear | Archer |
| 13:48 | Crear | Archer |
| 13:52 | Crear | Villager (Male) |
| 14:05 | Construir | House |
| 14:22 | Construir | Outpost |
| 14:41 | Investigar | Town Watch |
| 14:42 | Crear | Archer |
| 14:56 | Construir | Lumber Camp |
| 15:01 | Crear | Archer |
| 15:13 | Crear | Villager (Male) |
| 15:45 | Construir | Gate |
| 15:47 | Construir | House |
| 15:49 | Construir | House |
| 16:01 | Crear | Villager (Male) |
| 16:27 | Crear | Villager (Male) |
| 16:28 | Crear | Villager (Male) |
| 16:41 | Crear | Skirmisher |
| 16:41 | Crear | Skirmisher |
| 16:54 | Crear | Skirmisher |
| 16:54 | Crear | Villager (Male) |
| 17:14 | Crear | Villager (Male) |
| 17:14 | Crear | Villager (Male) |
| 17:20 | Crear | Skirmisher |
| 17:22 | Crear | Skirmisher |
| 17:32 | Crear | Villager (Male) |
Cronología de la partida
| 5:07 | Pedro · first_building Barracks |
| 5:37 | Dooque · first_building Barracks |
| 8:49 | Dooque · wall_segment Palisade Wall x1 |
| 8:52 | Dooque · wall_segment Palisade Wall x1 |
| 9:17 | Dooque · age_up feudal |
| 9:59 | Pedro · age_up feudal |
| 10:04 | Pedro · first_building Archery Range |
| 11:21 | Dooque · first_building Archery Range |
| 11:43 | Dooque · wall_segment Palisade Wall x1 |
| 12:30 | Dooque · wall_segment Palisade Wall x1 |
| 12:46 | Dooque · wall_segment Palisade Wall x15 |
| 12:53 | Dooque · wall_segment Palisade Wall x4 |
| 13:13 | Dooque · wall_segment Palisade Wall x3 |
| 13:19 | Dooque · wall_segment Palisade Wall x12 |
| 13:21 | Pedro · wall_segment Palisade Wall x1 |
| 13:23 | Pedro · wall_segment Palisade Wall x1 |
| 13:23 | Pedro · wall_segment Palisade Wall x1 |
| 13:40 | Dooque · wall_segment Palisade Wall x7 |
| 17:39 | Dooque · resign |
[ ANÁLISIS IA · 1 CRÉDITO ]
¿Qué pasó realmente en esta partida?
Wolo.gg analiza cada decisión: build order, eco, micro, errores típicos por bracket. Análisis personalizado por WhatsApp o Discord en 30 segundos.
Guía civ
Hunos
Perfil
Pedro